[ AOE2 MATCH · #466361417 ]
UnrankedVikings vs Huns
[ REPLAY ANALYSIS · EXTRACTED FROM THE RECORDED GAME ]
Feudal
13:44
Castle
18:09
Imperial
36:27
| APM avg | 52.5 |
| APM peak | 95 |
| eAPM avg | 19.6 |
| Villagers / military | 96 / 43 |
Focus
⚔️ 36.3% · 🌾 63.7%
Archer ×38 · Fishing Ship ×11 · Berserk ×5
Feudal
13:01
Castle
18:35
Imperial
—
| APM avg | 64.2 |
| APM peak | 95 |
| eAPM avg | 29.8 |
| Villagers / military | 114 / 68 |
Focus
⚔️ 51.6% · 🌾 48.4%
Cavalry Archer ×66 · Scorpion ×2
Feudal
14:31
Castle
17:33
Imperial
—
| APM avg | 24.5 |
| APM peak | 46 |
| eAPM avg | 16.7 |
| Villagers / military | 156 / 53 |
Focus
⚔️ 15.6% · 🌾 84.4%
Battle Elephant ×43 · Scout Cavalry ×10
Feudal
13:22
Castle
17:42
Imperial
—
| APM avg | 35.5 |
| APM peak | 75 |
| eAPM avg | 24.9 |
| Villagers / military | 101 / 117 |
Focus
⚔️ 36.6% · 🌾 63.4%
Samurai ×110 · Fishing Ship ×13 · Battering Ram ×7
Feudal
14:26
Castle
18:01
Imperial
—
| APM avg | 21.6 |
| APM peak | 41 |
| eAPM avg | 8.0 |
| Villagers / military | 87 / 15 |
Focus
⚔️ 14.8% · 🌾 85.2%
Cavalry Archer ×10 · Genitour ×5
Feudal
12:56
Castle
16:35
Imperial
32:35
| APM avg | 38.3 |
| APM peak | 61 |
| eAPM avg | 23.8 |
| Villagers / military | 186 / 67 |
Focus
⚔️ 38.6% · 🌾 61.4%
Knight ×63 · Fishing Ship ×9 · Mangonel ×2 · Monk ×1 · Scorpion ×1
Feudal
—
Castle
—
Imperial
—
| APM avg | 21.1 |
| APM peak | 61 |
| eAPM avg | 10.4 |
| Villagers / military | 78 / 46 |
Focus
⚔️ 24.7% · 🌾 75.3%
Camel Archer ×35 · Galley ×11 · Fishing Ship ×7
Feudal
12:06
Castle
19:20
Imperial
—
| APM avg | 35.7 |
| APM peak | 60 |
| eAPM avg | 20.7 |
| Villagers / military | 191 / 9 |
Focus
⚔️ 15.7% · 🌾 84.3%
Scorpion ×9
Match map
Initial resources + every placement click. Lines = walls · curves = elevation contours. ◆ gold · ⬟ stone · ● berries · ✦ relic · ◌ wall gap
Your base· Open — unwalled flank
Tuco Parmera's base· Open — unwalled flank
CMD_Ray's base· Open — unwalled flank
Xtreme | Rayden's base· Open — unwalled flank
CMD_El Primo's base· Open — unwalled flank
游侠 沙里飞's base· Open — unwalled flank
CMD JIN's base· Open — unwalled flank
PNAL_Cap_Ema/Kick's base· Open — unwalled flank
Smoothed initial terrain · ◌ = detected wall gap · hover for details
Inputs per minute
— CMD_Edahi287 - - Tuco Parmera
Build order — CMD_Edahi287
First 150 of 248 actions detected
| 1:21 | Build | Town Center |
| 2:37 | Build | House |
| 2:59 | Queue | Villager (Male) |
| 3:02 | Queue | Villager (Male) |
| 3:03 | Queue | Villager (Male) |
| 3:06 | Queue | Villager (Male) |
| 3:53 | Build | Dock |
| 4:07 | Queue | Villager (Male) |
| 4:14 | Build | House |
| 4:44 | Queue | Villager (Male) |
| 4:51 | Research | Loom |
| 5:20 | Queue | Fishing Ship |
| 5:20 | Queue | Fishing Ship |
| 5:20 | Queue | Fishing Ship |
| 6:06 | Queue | Villager (Male) |
| 6:11 | Queue | Fishing Ship |
| 6:11 | Queue | Fishing Ship |
| 6:11 | Queue | Fishing Ship |
| 6:35 | Queue | Villager (Male) |
| 7:03 | Queue | Villager (Male) |
| 7:04 | Queue | Fishing Ship |
| 7:23 | Build | House |
| 7:25 | Queue | Villager (Male) |
| 7:31 | Build | House |
| 7:50 | Queue | Villager (Male) |
| 8:12 | Queue | Villager (Male) |
| 8:13 | Queue | Fishing Ship |
| 8:13 | Queue | Fishing Ship |
| 8:13 | Queue | Fishing Ship |
| 8:27 | Queue | Villager (Male) |
| 8:53 | Queue | Villager (Male) |
| 8:55 | Queue | Fishing Ship |
| 9:21 | Queue | Villager (Male) |
| 9:58 | Build | House |
| 10:11 | Queue | Villager (Male) |
| 10:32 | Queue | Villager (Male) |
| 11:07 | Build | Mill |
| 11:09 | Queue | Villager (Male) |
| 11:29 | Research | Feudal Age |
| 11:30 | Research | Feudal Age |
| 11:43 | Build | Mining Camp |
| 11:54 | Build | House |
| 11:55 | Build | House |
| 12:11 | Queue | Villager (Male) |
| 12:50 | Queue | Villager (Male) |
| 12:53 | Build | Barracks |
| 13:21 | Queue | Villager (Male) |
| 13:44 | Age | Feudal Age |
| 13:46 | Build | Archery Range |
| 14:05 | Build | Blacksmith |
| 14:16 | Queue | Villager (Male) |
| 15:06 | Queue | Archer |
| 15:16 | Build | Archery Range |
| 15:29 | Research | Castle Age |
| 15:29 | Research | Castle Age |
| 15:33 | Queue | Archer |
| 15:49 | Queue | Archer |
| 16:14 | Queue | Archer |
| 16:14 | Queue | Archer |
| 16:14 | Queue | Archer |
| 16:16 | Queue | Villager (Male) |
| 16:31 | Research | Fletching |
| 16:31 | Research | Fletching |
| 16:51 | Queue | Villager (Male) |
| 16:55 | Build | House |
| 16:59 | Queue | Archer |
| 17:08 | Queue | Villager (Male) |
| 17:10 | Queue | Archer |
| 17:23 | Queue | Villager (Male) |
| 17:27 | Queue | Archer |
| 18:05 | Build | Farm |
| 18:05 | Build | Farm |
| 18:06 | Build | Farm |
| 18:07 | Build | Farm |
| 18:07 | Build | Farm |
| 18:07 | Build | Farm |
| 18:09 | Queue | Archer |
| 18:09 | Age | Castle Age |
| 18:11 | Queue | Archer |
| 18:36 | Queue | Villager (Male) |
| 18:37 | Queue | Villager (Male) |
| 18:48 | Queue | Villager (Male) |
| 18:56 | Build | House |
| 18:57 | Build | House |
| 19:10 | Research | Crossbowman (upgrade) |
| 20:03 | Build | House |
| 20:07 | Research | Bodkin Arrow |
| 20:08 | Queue | Archer ×4 |
| 20:08 | Queue | Archer ×4 |
| 20:18 | Queue | Villager (Male) |
| 20:20 | Queue | Villager (Male) |
| 20:24 | Build | Lumber Camp |
| 20:50 | Queue | Archer |
| 20:50 | Queue | Archer |
| 21:09 | Queue | Archer |
| 21:11 | Queue | Archer |
| 21:24 | Queue | Archer |
| 21:24 | Queue | Archer |
| 21:36 | Queue | Villager (Male) |
| 21:37 | Queue | Villager (Male) |
| 21:37 | Queue | Villager (Male) |
| 21:59 | Queue | Villager (Male) |
| 22:07 | Queue | Archer |
| 22:08 | Queue | Archer |
| 22:08 | Queue | Archer |
| 22:46 | Queue | Villager (Male) |
| 22:48 | Build | House |
| 22:49 | Build | House |
| 23:11 | Queue | Archer |
| 23:22 | Queue | Villager (Male) |
| 23:33 | Build | Town Center |
| 23:45 | Queue | Villager (Male) |
| 23:54 | Build | Town Center |
| 23:56 | Queue | Villager (Male) |
| 24:36 | Queue | Villager (Male) |
| 24:37 | Queue | Villager (Male) |
| 25:05 | Queue | Archer |
| 25:17 | Queue | Villager (Male) |
| 25:17 | Queue | Villager (Male) |
| 25:18 | Queue | Villager (Male) |
| 25:19 | Queue | Villager (Male) |
| 25:20 | Queue | Villager (Male) |
| 25:43 | Queue | Villager (Male) |
| 25:43 | Queue | Villager (Male) |
| 25:46 | Build | Farm |
| 25:46 | Build | Farm |
| 25:47 | Build | Farm |
| 25:47 | Build | Farm |
| 25:50 | Queue | Villager (Male) |
| 26:05 | Queue | Villager (Male) |
| 26:06 | Queue | Villager (Male) |
| 26:09 | Build | Farm |
| 26:28 | Queue | Villager (Male) |
| 26:29 | Queue | Villager (Male) |
| 26:29 | Queue | Villager (Male) |
| 26:46 | Queue | Villager (Male) |
| 26:47 | Queue | Villager (Male) |
| 27:24 | Queue | Villager (Male) |
| 27:26 | Queue | Villager (Male) |
| 27:27 | Queue | Villager (Male) |
| 27:27 | Queue | Villager (Male) |
| 27:32 | Build | Farm |
| 27:32 | Build | Farm |
| 27:32 | Build | Farm |
| 27:32 | Build | Farm |
| 27:32 | Build | Farm |
| 27:33 | Build | Farm |
| 27:33 | Build | Farm |
| 27:33 | Build | Farm |
| 27:43 | Queue | Villager (Male) |
Build order — Tuco Parmera
First 150 of 277 actions detected
| 1:36 | Build | Town Center |
| 3:09 | Queue | Villager (Male) |
| 3:10 | Queue | Villager (Male) |
| 3:10 | Queue | Villager (Male) |
| 3:10 | Queue | Villager (Male) |
| 3:10 | Queue | Villager (Male) |
| 4:10 | Queue | Villager (Male) |
| 4:21 | Build | Mill |
| 4:59 | Queue | Villager (Male) |
| 5:19 | Queue | Villager (Male) |
| 5:59 | Queue | Villager (Male) |
| 6:29 | Queue | Villager (Male) |
| 7:02 | Queue | Villager (Male) |
| 7:04 | Queue | Villager (Male) |
| 7:05 | Queue | Villager (Male) |
| 7:28 | Queue | Villager (Male) |
| 7:29 | Queue | Villager (Male) |
| 7:40 | Queue | Villager (Male) |
| 8:13 | Queue | Villager (Male) |
| 8:14 | Queue | Villager (Male) |
| 8:15 | Queue | Villager (Male) |
| 8:38 | Queue | Villager (Male) |
| 9:01 | Queue | Villager (Male) |
| 9:03 | Queue | Villager (Male) |
| 9:15 | Queue | Villager (Male) |
| 9:22 | Queue | Villager (Male) |
| 9:26 | Queue | Villager (Male) |
| 9:28 | Queue | Villager (Male) |
| 10:04 | Research | Loom |
| 10:05 | Research | Loom |
| 10:07 | Queue | Villager (Male) |
| 10:20 | Build | Mining Camp |
| 10:51 | Research | Feudal Age |
| 11:24 | Queue | Villager (Male) |
| 12:12 | Build | Lumber Camp |
| 12:20 | Build | Barracks |
| 12:35 | Queue | Villager (Male) |
| 13:01 | Age | Feudal Age |
| 13:06 | Queue | Villager (Male) |
| 13:31 | Queue | Villager (Male) |
| 13:47 | Queue | Villager (Male) |
| 13:49 | Build | Archery Range |
| 13:52 | Queue | Villager (Male) |
| 14:02 | Queue | Villager (Male) |
| 14:48 | Queue | Villager (Male) |
| 14:49 | Build | Blacksmith |
| 15:03 | Queue | Villager (Male) |
| 15:55 | Research | Castle Age |
| 16:40 | Research | Double-Bit Axe |
| 16:40 | Research | Double-Bit Axe |
| 16:58 | Research | Fletching |
| 17:58 | Queue | Villager (Male) |
| 18:09 | Queue | Villager (Male) |
| 18:21 | Queue | Villager (Male) |
| 18:25 | Build | Archery Range |
| 18:35 | Age | Castle Age |
| 18:40 | Build | Town Center |
| 18:43 | Queue | Cavalry Archer |
| 18:43 | Queue | Cavalry Archer |
| 19:07 | Research | Bow Saw |
| 19:08 | Queue | Villager (Male) |
| 19:16 | Queue | Cavalry Archer |
| 19:17 | Queue | Cavalry Archer |
| 19:44 | Queue | Villager (Male) |
| 19:45 | Queue | Villager (Male) |
| 19:48 | Research | Bodkin Arrow |
| 19:49 | Queue | Cavalry Archer |
| 19:50 | Queue | Cavalry Archer |
| 20:03 | Queue | Cavalry Archer |
| 20:03 | Queue | Cavalry Archer |
| 20:03 | Queue | Villager (Male) |
| 20:14 | Queue | Cavalry Archer |
| 20:15 | Queue | Cavalry Archer |
| 20:24 | Queue | Villager (Male) |
| 20:33 | Research | Padded Archer Armor |
| 20:46 | Queue | Villager (Male) |
| 20:47 | Queue | Cavalry Archer |
| 20:58 | Queue | Cavalry Archer |
| 21:17 | Build | University |
| 21:27 | Queue | Villager (Male) |
| 21:29 | Queue | Cavalry Archer |
| 21:48 | Queue | Villager (Male) |
| 21:50 | Queue | Villager (Male) |
| 21:51 | Queue | Villager (Male) |
| 22:08 | Research | Ballistics |
| 22:21 | Queue | Cavalry Archer |
| 22:21 | Queue | Cavalry Archer |
| 22:27 | Queue | Villager (Male) |
| 22:29 | Queue | Villager (Male) |
| 22:29 | Queue | Villager (Male) |
| 22:34 | Build | Mill |
| 22:45 | Queue | Cavalry Archer |
| 22:59 | Queue | Cavalry Archer |
| 23:02 | Queue | Villager (Male) |
| 23:03 | Queue | Villager (Male) |
| 23:12 | Queue | Villager (Male) |
| 23:23 | Queue | Cavalry Archer |
| 23:26 | Queue | Villager (Male) |
| 24:08 | Queue | Cavalry Archer |
| 24:09 | Queue | Villager (Male) |
| 24:14 | Build | Stable |
| 24:17 | Build | Lumber Camp |
| 24:21 | Build | Farm |
| 24:23 | Build | Farm |
| 24:25 | Build | Farm |
| 24:33 | Build | Stable |
| 24:45 | Queue | Villager (Male) |
| 24:46 | Queue | Villager (Male) |
| 24:50 | Build | Lumber Camp |
| 25:10 | Queue | Villager (Male) |
| 25:10 | Queue | Villager (Male) |
| 25:17 | Queue | Cavalry Archer |
| 25:18 | Queue | Cavalry Archer |
| 25:32 | Queue | Villager (Male) |
| 25:33 | Queue | Villager (Male) |
| 25:38 | Queue | Villager (Male) |
| 25:59 | Queue | Villager (Male) |
| 26:09 | Queue | Cavalry Archer |
| 26:09 | Queue | Cavalry Archer |
| 26:09 | Queue | Cavalry Archer |
| 26:10 | Queue | Cavalry Archer |
| 26:10 | Queue | Villager (Male) |
| 26:11 | Queue | Villager (Male) |
| 26:18 | Build | Mill |
| 26:23 | Queue | Villager (Male) |
| 26:30 | Queue | Cavalry Archer |
| 26:30 | Queue | Cavalry Archer |
| 26:33 | Queue | Villager (Male) |
| 26:52 | Research | Horse Collar |
| 26:52 | Research | Horse Collar |
| 26:53 | Queue | Cavalry Archer |
| 26:53 | Queue | Villager (Male) |
| 27:00 | Build | Lumber Camp |
| 27:01 | Build | Farm |
| 27:09 | Build | Farm |
| 27:12 | Queue | Villager (Male) |
| 27:13 | Queue | Cavalry Archer |
| 27:28 | Queue | Cavalry Archer |
| 27:28 | Queue | Cavalry Archer |
| 27:28 | Queue | Villager (Male) |
| 28:15 | Queue | Cavalry Archer |
| 28:16 | Queue | Cavalry Archer |
| 28:16 | Queue | Cavalry Archer |
| 28:18 | Queue | Villager (Male) |
| 28:22 | Build | Mill |
| 28:22 | Build | Farm |
| 28:23 | Build | Farm |
| 28:23 | Build | Farm |
| 28:23 | Build | Farm |
| 28:23 | Build | Farm |
Build order — CMD_Ray
First 150 of 329 actions detected
| 1:40 | Build | Town Center |
| 2:50 | Build | House |
| 3:16 | Queue | Villager (Male) |
| 3:16 | Queue | Villager (Male) |
| 3:16 | Queue | Villager (Male) |
| 3:17 | Queue | Villager (Male) |
| 3:42 | Build | House |
| 3:51 | Research | Loom |
| 3:52 | Queue | Villager (Male) |
| 3:53 | Queue | Villager (Male) |
| 4:37 | Queue | Villager (Male) |
| 5:21 | Queue | Villager (Male) |
| 5:21 | Queue | Villager (Male) |
| 6:19 | Queue | Villager (Male) |
| 6:19 | Queue | Villager (Male) |
| 6:38 | Build | House |
| 6:57 | Queue | Villager (Male) |
| 7:05 | Build | House |
| 7:27 | Queue | Villager (Male) |
| 7:27 | Queue | Villager (Male) |
| 8:00 | Queue | Villager (Male) |
| 8:00 | Queue | Villager (Male) |
| 8:14 | Queue | Villager (Male) |
| 8:37 | Queue | Villager (Male) |
| 8:37 | Queue | Villager (Male) |
| 9:58 | Queue | Villager (Male) |
| 10:04 | Build | House |
| 10:21 | Queue | Villager (Male) |
| 10:37 | Queue | Villager (Male) |
| 10:48 | Build | House |
| 10:56 | Queue | Villager (Male) |
| 11:36 | Queue | Villager (Male) |
| 11:40 | Build | House |
| 12:21 | Research | Feudal Age |
| 12:52 | Build | Mill |
| 13:07 | Build | Mining Camp |
| 14:31 | Age | Feudal Age |
| 14:53 | Research | Castle Age |
| 16:17 | Queue | Villager (Male) |
| 16:17 | Queue | Villager (Male) |
| 16:35 | Queue | Villager (Male) |
| 17:17 | Queue | Villager (Male) |
| 17:17 | Queue | Villager (Male) |
| 17:33 | Age | Castle Age |
| 17:39 | Build | Town Center |
| 17:50 | Build | Town Center |
| 17:52 | Queue | Villager (Male) |
| 17:52 | Queue | Villager (Male) |
| 19:14 | Queue | Villager (Male) |
| 19:18 | Queue | Villager (Male) |
| 19:18 | Queue | Villager (Male) |
| 19:54 | Queue | Villager (Male) |
| 19:54 | Queue | Villager (Male) |
| 20:30 | Queue | Villager (Male) |
| 20:30 | Queue | Villager (Male) |
| 20:30 | Queue | Villager (Male) |
| 20:30 | Queue | Villager (Male) |
| 20:30 | Queue | Villager (Male) |
| 20:31 | Queue | Villager (Male) |
| 20:59 | Queue | Villager (Male) |
| 20:59 | Queue | Villager (Male) |
| 21:08 | Queue | Villager (Male) |
| 21:08 | Queue | Villager (Male) |
| 21:19 | Queue | Villager (Male) |
| 21:28 | Queue | Villager (Male) |
| 21:42 | Build | Town Center |
| 21:56 | Queue | Villager (Male) |
| 22:01 | Queue | Villager (Male) |
| 22:01 | Queue | Villager (Male) |
| 22:11 | Build | Lumber Camp |
| 22:24 | Queue | Villager (Male) |
| 22:24 | Queue | Villager (Male) |
| 22:29 | Build | House |
| 22:33 | Build | House |
| 22:34 | Build | House |
| 22:35 | Build | House |
| 22:35 | Build | House |
| 22:39 | Build | House |
| 22:40 | Build | House |
| 22:41 | Build | House |
| 22:45 | Queue | Villager (Male) |
| 22:45 | Queue | Villager (Male) |
| 22:46 | Queue | Villager (Male) |
| 22:56 | Build | Town Center |
| 22:59 | Queue | Villager (Male) |
| 22:59 | Queue | Villager (Male) |
| 23:00 | Queue | Villager (Male) |
| 23:00 | Queue | Villager (Male) |
| 23:17 | Queue | Villager (Male) |
| 23:17 | Queue | Villager (Male) |
| 23:19 | Research | Double-Bit Axe |
| 23:47 | Build | Stable |
| 23:53 | Queue | Villager (Male) |
| 23:53 | Queue | Villager (Male) |
| 23:53 | Queue | Villager (Male) |
| 23:54 | Queue | Villager (Male) |
| 23:54 | Queue | Villager (Male) |
| 23:54 | Queue | Villager (Male) |
| 23:54 | Queue | Villager (Male) |
| 24:18 | Build | Mining Camp |
| 24:24 | Research | Bloodlines |
| 24:32 | Build | Stable |
| 24:36 | Queue | Villager (Male) |
| 24:36 | Queue | Villager (Male) |
| 24:36 | Queue | Villager (Male) |
| 24:36 | Queue | Villager (Male) |
| 24:37 | Queue | Villager (Male) |
| 24:37 | Queue | Villager (Male) |
| 24:37 | Queue | Villager (Male) |
| 24:37 | Queue | Villager (Male) |
| 24:37 | Queue | Villager (Male) |
| 24:38 | Queue | Villager (Male) |
| 24:44 | Build | House |
| 24:47 | Build | House |
| 24:54 | Build | House |
| 24:58 | Build | House |
| 25:03 | Build | House |
| 25:07 | Queue | Villager (Male) |
| 25:08 | Queue | Villager (Male) |
| 25:08 | Queue | Villager (Male) |
| 25:11 | Queue | Villager (Male) |
| 25:11 | Queue | Villager (Male) |
| 25:11 | Queue | Villager (Male) |
| 25:11 | Queue | Villager (Male) |
| 25:22 | Build | Town Center |
| 25:23 | Queue | Villager (Male) |
| 25:23 | Queue | Villager (Male) |
| 25:24 | Queue | Villager (Male) |
| 25:26 | Queue | Scout Cavalry |
| 25:27 | Queue | Scout Cavalry |
| 25:45 | Queue | Villager (Male) |
| 25:46 | Queue | Villager (Male) |
| 25:46 | Queue | Villager (Male) |
| 26:04 | Queue | Villager (Male) |
| 26:04 | Queue | Villager (Male) |
| 26:05 | Queue | Villager (Male) |
| 26:05 | Queue | Villager (Male) |
| 26:10 | Build | House |
| 26:12 | Build | House |
| 26:14 | Build | House |
| 26:16 | Queue | Villager (Male) |
| 26:16 | Queue | Villager (Male) |
| 26:30 | Build | Farm |
| 26:30 | Build | Farm |
| 26:31 | Build | Farm |
| 26:31 | Build | Farm |
| 26:31 | Build | Farm |
| 26:37 | Build | Farm |
| 26:38 | Build | Farm |
| 26:38 | Build | Farm |
Build order — Xtreme | Rayden
First 150 of 315 actions detected
| 0:53 | Build | Dock |
| 1:02 | Build | Town Center |
| 1:19 | Build | House |
| 2:54 | Queue | Villager (Male) |
| 2:55 | Queue | Villager (Male) |
| 3:20 | Queue | Villager (Male) |
| 3:20 | Queue | Villager (Male) |
| 3:44 | Research | Loom |
| 3:44 | Research | Loom |
| 4:21 | Queue | Fishing Ship |
| 4:22 | Queue | Fishing Ship |
| 4:28 | Build | House |
| 4:59 | Queue | Villager (Male) |
| 5:00 | Queue | Villager (Male) |
| 5:31 | Queue | Villager (Male) |
| 5:31 | Queue | Villager (Male) |
| 5:47 | Queue | Villager (Male) |
| 5:53 | Queue | Fishing Ship |
| 5:54 | Queue | Fishing Ship |
| 6:13 | Queue | Villager (Male) |
| 6:14 | Queue | Villager (Male) |
| 6:19 | Build | House |
| 6:43 | Queue | Villager (Male) |
| 6:44 | Queue | Villager (Male) |
| 6:46 | Queue | Fishing Ship |
| 6:46 | Queue | Fishing Ship |
| 7:25 | Build | Mill |
| 7:27 | Queue | Villager (Male) |
| 7:36 | Queue | Villager (Male) |
| 7:37 | Queue | Fishing Ship |
| 7:37 | Queue | Fishing Ship |
| 7:45 | Build | House |
| 8:10 | Queue | Villager (Male) |
| 8:10 | Queue | Villager (Male) |
| 8:30 | Queue | Villager (Male) |
| 8:33 | Queue | Fishing Ship |
| 8:33 | Queue | Fishing Ship |
| 8:48 | Queue | Villager (Male) |
| 8:54 | Build | House |
| 9:07 | Queue | Villager (Male) |
| 9:14 | Queue | Villager (Male) |
| 9:34 | Queue | Villager (Male) |
| 9:34 | Queue | Villager (Male) |
| 9:50 | Queue | Villager (Male) |
| 9:55 | Build | House |
| 9:58 | Queue | Fishing Ship |
| 10:01 | Queue | Villager (Male) |
| 10:18 | Queue | Villager (Male) |
| 10:24 | Queue | Villager (Male) |
| 10:31 | Build | Mining Camp |
| 10:42 | Queue | Fishing Ship |
| 11:05 | Research | Feudal Age |
| 11:17 | Queue | Fishing Ship |
| 12:05 | Queue | Villager (Male) |
| 12:18 | Queue | Villager (Male) |
| 12:56 | Queue | Villager (Male) |
| 13:22 | Queue | Villager (Male) |
| 13:22 | Age | Feudal Age |
| 13:32 | Build | Market |
| 13:47 | Queue | Villager (Male) |
| 13:52 | Build | Blacksmith |
| 13:54 | Build | House |
| 14:05 | Build | Mill |
| 14:12 | Build | Mill |
| 14:26 | Build | House |
| 14:56 | Research | Castle Age |
| 14:57 | Research | Castle Age |
| 15:22 | Queue | Villager (Male) |
| 15:27 | Build | Lumber Camp |
| 15:55 | Queue | Villager (Male) |
| 16:06 | Research | Tech 906 |
| 16:29 | Research | Double-Bit Axe |
| 16:30 | Research | Double-Bit Axe |
| 17:32 | Queue | Villager (Male) |
| 17:42 | Age | Castle Age |
| 17:49 | Queue | Villager (Male) |
| 17:54 | Research | Bow Saw |
| 17:54 | Research | Bow Saw |
| 18:05 | Build | Castle |
| 18:12 | Queue | Villager (Male) |
| 18:49 | Build | Dock |
| 19:28 | Build | Town Center |
| 19:39 | Queue | Villager (Male) |
| 19:47 | Research | Scale Mail Armor |
| 19:55 | Queue | Villager (Male) |
| 20:30 | Queue | Samurai |
| 20:31 | Queue | Samurai |
| 20:43 | Queue | Villager (Male) |
| 20:47 | Build | Town Center |
| 21:02 | Build | Siege Workshop |
| 21:03 | Queue | Samurai |
| 21:03 | Queue | Samurai |
| 21:06 | Queue | Villager (Male) |
| 21:10 | Queue | Villager (Male) |
| 21:11 | Queue | Villager (Male) |
| 21:14 | Queue | Villager (Male) |
| 21:34 | Queue | Villager (Male) |
| 21:40 | Queue | Villager (Male) |
| 21:42 | Queue | Samurai |
| 21:48 | Queue | Samurai |
| 21:49 | Queue | Villager (Male) |
| 22:03 | Queue | Battering Ram |
| 22:05 | Build | House |
| 22:06 | Build | House |
| 22:14 | Queue | Villager (Male) |
| 22:29 | Build | Mill |
| 22:33 | Queue | Villager (Male) |
| 22:41 | Queue | Samurai |
| 22:43 | Queue | Battering Ram |
| 22:45 | Queue | Samurai |
| 22:45 | Queue | Samurai |
| 22:45 | Queue | Samurai |
| 23:02 | Queue | Villager (Male) |
| 23:02 | Queue | Villager (Male) |
| 23:06 | Queue | Samurai |
| 23:13 | Queue | Villager (Male) |
| 23:15 | Build | Lumber Camp |
| 23:32 | Queue | Samurai |
| 23:33 | Queue | Samurai |
| 23:37 | Queue | Battering Ram |
| 23:39 | Queue | Samurai |
| 23:39 | Queue | Samurai |
| 23:42 | Build | Outpost |
| 23:48 | Queue | Villager (Male) |
| 23:49 | Queue | Villager (Male) |
| 23:51 | Queue | Villager (Male) |
| 23:52 | Queue | Villager (Male) |
| 23:57 | Build | House |
| 24:06 | Queue | Samurai |
| 24:06 | Queue | Samurai |
| 24:20 | Research | Forging |
| 24:21 | Research | Forging |
| 24:24 | Build | Outpost |
| 24:26 | Research | Town Watch |
| 24:26 | Research | Town Watch |
| 24:26 | Queue | Villager (Male) |
| 24:28 | Queue | Samurai |
| 24:28 | Queue | Samurai |
| 24:45 | Queue | Villager (Male) |
| 24:55 | Build | Mill |
| 24:59 | Queue | Villager (Male) |
| 25:00 | Queue | Samurai |
| 25:01 | Queue | Samurai |
| 25:10 | Research | Chain Mail Armor |
| 25:10 | Research | Chain Mail Armor |
| 25:14 | Build | Outpost |
| 25:18 | Queue | Villager (Male) |
| 25:25 | Queue | Villager (Male) |
| 25:28 | Queue | Villager (Male) |
| 25:29 | Queue | Samurai |
Build order — CMD_El Primo
146 actions detected in the replay
| 1:59 | Build | Town Center |
| 3:31 | Queue | Villager (Male) |
| 3:31 | Queue | Villager (Male) |
| 3:32 | Queue | Villager (Male) |
| 3:32 | Queue | Villager (Male) |
| 4:25 | Queue | Villager (Male) |
| 4:52 | Queue | Villager (Male) |
| 5:22 | Queue | Villager (Male) |
| 5:35 | Queue | Villager (Male) |
| 5:59 | Queue | Villager (Male) |
| 6:23 | Queue | Villager (Male) |
| 6:25 | Queue | Villager (Male) |
| 6:48 | Queue | Villager (Male) |
| 7:19 | Queue | Villager (Male) |
| 7:45 | Build | Lumber Camp |
| 7:56 | Build | Lumber Camp |
| 8:07 | Queue | Villager (Male) |
| 8:31 | Queue | Villager (Male) |
| 8:37 | Queue | Villager (Male) |
| 8:37 | Queue | Villager (Male) |
| 8:50 | Queue | Villager (Male) |
| 9:36 | Queue | Villager (Male) |
| 10:15 | Queue | Villager (Male) |
| 10:23 | Research | Loom |
| 10:42 | Build | Mill |
| 10:46 | Build | Mining Camp |
| 11:39 | Research | Feudal Age |
| 12:35 | Queue | Villager (Male) |
| 12:35 | Queue | Villager (Male) |
| 14:26 | Age | Feudal Age |
| 14:28 | Build | Market |
| 14:30 | Build | Blacksmith |
| 15:21 | Research | Castle Age |
| 15:29 | Research | Double-Bit Axe |
| 17:44 | Build | Barracks |
| 17:56 | Research | Town Watch |
| 17:57 | Research | Wheelbarrow |
| 18:01 | Age | Castle Age |
| 18:09 | Build | Town Center |
| 18:16 | Research | Bow Saw |
| 18:32 | Build | Archery Range |
| 19:12 | Build | Town Center |
| 19:23 | Queue | Villager (Male) |
| 19:24 | Queue | Villager (Male) |
| 19:35 | Research | Horse Collar |
| 19:38 | Queue | Cavalry Archer |
| 19:41 | Queue | Cavalry Archer |
| 19:41 | Queue | Cavalry Archer |
| 19:44 | Queue | Villager (Male) |
| 20:09 | Queue | Villager (Male) |
| 20:10 | Queue | Villager (Male) |
| 20:11 | Queue | Villager (Male) |
| 20:22 | Queue | Cavalry Archer |
| 20:55 | Queue | Villager (Male) |
| 20:55 | Queue | Villager (Male) |
| 20:56 | Queue | Villager (Male) |
| 20:56 | Queue | Villager (Male) |
| 21:03 | Build | Farm |
| 21:03 | Build | Farm |
| 21:04 | Build | Farm |
| 21:04 | Build | Farm |
| 21:04 | Build | Farm |
| 21:26 | Build | Farm |
| 21:29 | Queue | Villager (Male) |
| 21:42 | Queue | Villager (Male) |
| 21:42 | Queue | Villager (Male) |
| 21:47 | Build | Farm |
| 21:47 | Build | Farm |
| 21:47 | Build | Farm |
| 21:48 | Build | Farm |
| 21:48 | Build | Farm |
| 21:49 | Build | Farm |
| 21:54 | Queue | Villager (Male) |
| 21:54 | Queue | Villager (Male) |
| 21:54 | Queue | Villager (Male) |
| 22:13 | Queue | Villager (Male) |
| 22:18 | Build | Farm |
| 22:18 | Build | Farm |
| 22:22 | Queue | Villager (Male) |
| 22:36 | Queue | Villager (Male) |
| 22:36 | Queue | Villager (Male) |
| 22:36 | Queue | Villager (Male) |
| 22:41 | Queue | Villager (Male) |
| 22:59 | Queue | Villager (Male) |
| 22:59 | Queue | Villager (Male) |
| 23:00 | Queue | Villager (Male) |
| 23:09 | Queue | Villager (Male) |
| 23:23 | Queue | Genitour |
| 23:25 | Queue | Villager (Male) |
| 23:43 | Build | Town Center |
| 23:49 | Queue | Genitour |
| 24:13 | Queue | Genitour |
| 24:16 | Research | Fletching |
| 24:30 | Queue | Villager (Male) |
| 24:30 | Queue | Villager (Male) |
| 24:30 | Queue | Villager (Male) |
| 24:31 | Queue | Villager (Male) |
| 24:44 | Queue | Genitour |
| 24:50 | Queue | Villager (Male) |
| 25:08 | Queue | Villager (Male) |
| 25:11 | Queue | Genitour |
| 25:26 | Queue | Villager (Male) |
| 25:26 | Queue | Villager (Male) |
| 25:34 | Queue | Villager (Male) |
| 25:55 | Queue | Villager (Male) |
| 26:04 | Build | Town Center |
| 26:09 | Queue | Villager (Male) ×5 |
| 26:10 | Queue | Villager (Male) |
| 26:14 | Build | Mill |
| 26:15 | Build | Farm |
| 26:16 | Build | Farm |
| 26:16 | Build | Farm |
| 26:16 | Build | Farm |
| 26:16 | Build | Farm |
| 26:17 | Build | Farm |
| 26:17 | Build | Farm |
| 26:25 | Queue | Cavalry Archer |
| 26:27 | Queue | Villager (Male) |
| 26:27 | Queue | Villager (Male) |
| 26:27 | Queue | Villager (Male) |
| 26:28 | Queue | Villager (Male) |
| 26:37 | Queue | Villager (Male) |
| 26:37 | Queue | Villager (Male) |
| 26:45 | Build | Farm |
| 26:50 | Build | Farm |
| 26:58 | Queue | Villager (Male) ×4 |
| 27:01 | Queue | Cavalry Archer |
| 27:12 | Build | Mill |
| 27:17 | Queue | Villager (Male) ×4 |
| 27:29 | Build | Mining Camp |
| 27:39 | Queue | Cavalry Archer |
| 28:15 | Queue | Cavalry Archer |
| 28:41 | Queue | Cavalry Archer |
| 29:14 | Queue | Cavalry Archer |
| 29:19 | Build | Archery Range |
| 29:37 | Queue | Villager (Male) |
| 29:37 | Queue | Villager (Male) |
| 30:29 | Research | Hand Cart |
| 33:09 | Build | Town Center |
| 34:08 | Queue | Villager (Male) |
| 34:08 | Queue | Villager (Male) |
| 34:09 | Queue | Villager (Male) |
| 34:14 | Queue | Villager (Male) |
| 34:14 | Queue | Villager (Male) |
| 34:41 | Queue | Villager (Male) |
| 34:53 | Build | Town Center |
Build order — 游侠 沙里飞
First 150 of 349 actions detected
| 0:23 | Build | Dock |
| 1:06 | Build | Town Center |
| 2:47 | Build | House |
| 3:07 | Queue | Villager (Male) |
| 3:08 | Queue | Villager (Male) |
| 3:08 | Queue | Villager (Male) |
| 3:09 | Queue | Villager (Male) |
| 3:09 | Queue | Villager (Male) |
| 3:09 | Queue | Villager (Male) |
| 3:12 | Queue | Fishing Ship |
| 4:24 | Build | House |
| 4:53 | Queue | Villager (Male) |
| 4:53 | Queue | Villager (Male) |
| 5:24 | Queue | Villager (Male) |
| 5:31 | Queue | Fishing Ship |
| 5:31 | Queue | Fishing Ship |
| 5:32 | Queue | Fishing Ship |
| 5:52 | Queue | Villager (Male) |
| 6:01 | Build | House |
| 6:34 | Queue | Villager (Male) |
| 6:35 | Queue | Villager (Male) |
| 6:40 | Queue | Fishing Ship |
| 7:16 | Queue | Villager (Male) |
| 7:17 | Queue | Villager (Male) |
| 7:17 | Queue | Villager (Male) |
| 7:21 | Build | House |
| 7:26 | Queue | Villager (Male) |
| 7:48 | Queue | Fishing Ship |
| 8:09 | Queue | Villager (Male) |
| 8:10 | Queue | Villager (Male) |
| 8:27 | Queue | Fishing Ship |
| 8:30 | Build | House |
| 9:07 | Queue | Villager (Male) |
| 9:09 | Queue | Fishing Ship |
| 9:21 | Build | Mill |
| 9:34 | Queue | Villager (Male) |
| 9:52 | Queue | Fishing Ship |
| 9:53 | Queue | Villager (Male) |
| 9:56 | Queue | Villager (Male) |
| 10:00 | Queue | Villager (Male) |
| 10:19 | Queue | Villager (Male) |
| 10:36 | Build | House |
| 10:52 | Research | Feudal Age |
| 10:52 | Research | Feudal Age |
| 11:09 | Build | Mining Camp |
| 12:29 | Queue | Villager (Male) |
| 12:56 | Age | Feudal Age |
| 12:58 | Queue | Villager (Male) |
| 13:05 | Build | Market |
| 13:12 | Build | Blacksmith |
| 13:47 | Queue | Villager (Male) |
| 14:05 | Research | Castle Age |
| 14:09 | Build | Lumber Camp |
| 14:47 | Research | Double-Bit Axe |
| 14:47 | Research | Double-Bit Axe |
| 15:17 | Build | House |
| 15:19 | Build | House |
| 15:55 | Build | Lumber Camp |
| 16:09 | Queue | Villager (Male) |
| 16:09 | Queue | Villager (Male) |
| 16:35 | Age | Castle Age |
| 16:39 | Build | Town Center |
| 16:49 | Build | Town Center |
| 16:51 | Queue | Villager (Male) |
| 17:07 | Research | Bow Saw |
| 17:07 | Research | Bow Saw |
| 17:08 | Queue | Villager (Male) |
| 17:24 | Queue | Villager (Male) |
| 17:33 | Queue | Villager (Male) |
| 17:41 | Queue | Villager (Male) |
| 17:43 | Queue | Villager (Male) |
| 17:52 | Queue | Villager (Male) |
| 18:05 | Queue | Villager (Male) |
| 18:17 | Queue | Villager (Male) |
| 18:21 | Queue | Villager (Male) |
| 18:22 | Queue | Villager (Male) |
| 18:46 | Queue | Villager (Male) |
| 18:46 | Queue | Villager (Male) |
| 18:52 | Queue | Villager (Male) |
| 18:53 | Queue | Villager (Male) ×5 |
| 19:00 | Queue | Villager (Male) |
| 19:14 | Queue | Villager (Male) |
| 19:20 | Queue | Villager (Male) |
| 19:23 | Queue | Villager (Male) |
| 19:26 | Queue | Villager (Male) |
| 19:41 | Build | House |
| 19:43 | Build | House |
| 19:44 | Queue | Villager (Male) |
| 19:52 | Queue | Villager (Male) |
| 19:52 | Queue | Villager (Male) |
| 20:09 | Queue | Villager (Male) |
| 20:10 | Queue | Villager (Male) |
| 20:22 | Queue | Villager (Male) |
| 20:29 | Build | Mining Camp |
| 20:29 | Queue | Villager (Male) |
| 20:37 | Build | Town Center |
| 20:39 | Queue | Villager (Male) |
| 20:46 | Queue | Villager (Male) |
| 20:58 | Research | Wheelbarrow |
| 20:58 | Research | Wheelbarrow |
| 20:58 | Queue | Villager (Male) |
| 21:03 | Build | House |
| 21:03 | Build | House |
| 21:07 | Queue | Villager (Male) |
| 21:27 | Build | House |
| 21:28 | Build | House |
| 21:31 | Build | Stone Wall |
| 21:36 | Queue | Villager (Male) |
| 21:37 | Queue | Villager (Male) |
| 21:41 | Build | House |
| 21:41 | Build | House |
| 21:46 | Build | House |
| 21:51 | Build | Town Center |
| 21:54 | Queue | Villager (Male) |
| 22:05 | Research | Town Watch |
| 22:06 | Research | Loom |
| 22:06 | Queue | Villager (Male) |
| 22:08 | Queue | Villager (Male) |
| 22:13 | Build | Siege Workshop |
| 22:19 | Queue | Villager (Male) |
| 22:27 | Queue | Villager (Male) |
| 22:30 | Queue | Villager (Male) |
| 22:40 | Queue | Villager (Male) |
| 22:47 | Queue | Villager (Male) |
| 22:53 | Queue | Mangonel |
| 22:56 | Queue | Villager (Male) |
| 22:59 | Queue | Villager (Male) |
| 23:14 | Build | Mill |
| 23:17 | Queue | Villager (Male) |
| 23:23 | Queue | Villager (Male) |
| 23:25 | Queue | Villager (Male) |
| 23:30 | Build | House |
| 23:31 | Build | House |
| 23:31 | Queue | Villager (Male) |
| 23:47 | Queue | Villager (Male) |
| 23:47 | Queue | Villager (Male) |
| 23:48 | Queue | Villager (Male) |
| 23:51 | Build | Town Center |
| 24:05 | Queue | Villager (Male) |
| 24:07 | Queue | Scorpion |
| 24:15 | Build | Mill |
| 24:16 | Queue | Villager (Male) |
| 24:21 | Build | Mill |
| 24:30 | Queue | Villager (Male) |
| 24:35 | Build | Mill |
| 24:37 | Queue | Villager (Male) |
| 24:43 | Build | Mill |
| 24:47 | Queue | Villager (Male) |
| 25:01 | Queue | Villager (Male) |
| 25:05 | Queue | Villager (Male) |
Build order — CMD JIN
First 150 of 185 actions detected
| 1:16 | Build | Town Center |
| 1:34 | Build | House |
| 1:36 | Build | House |
| 2:48 | Queue | Villager (Male) |
| 2:48 | Queue | Villager (Male) |
| 2:49 | Queue | Villager (Male) |
| 2:49 | Queue | Villager (Male) |
| 3:13 | Research | Loom |
| 3:14 | Queue | Villager (Male) |
| 3:14 | Queue | Villager (Male) |
| 3:15 | Queue | Villager (Male) |
| 3:15 | Queue | Villager (Male) |
| 5:17 | Build | Dock |
| 5:50 | Queue | Villager (Male) |
| 6:22 | Queue | Fishing Ship |
| 6:22 | Queue | Fishing Ship |
| 6:23 | Queue | Fishing Ship |
| 6:46 | Queue | Villager (Male) |
| 6:56 | Queue | Fishing Ship |
| 7:11 | Queue | Villager (Male) |
| 7:48 | Build | House |
| 7:50 | Build | House |
| 7:53 | Queue | Villager (Male) |
| 8:23 | Queue | Villager (Male) |
| 8:26 | Queue | Villager (Male) |
| 9:04 | Build | Mill |
| 9:08 | Queue | Villager (Male) |
| 9:13 | Queue | Fishing Ship |
| 9:20 | Queue | Villager (Male) |
| 9:21 | Queue | Villager (Male) |
| 9:42 | Queue | Fishing Ship |
| 9:49 | Build | House |
| 9:52 | Build | House |
| 9:56 | Queue | Villager (Male) |
| 10:15 | Queue | Villager (Male) |
| 10:16 | Queue | Villager (Male) |
| 11:55 | Research | Feudal Age |
| 12:08 | Queue | Villager (Male) |
| 12:14 | Build | Mining Camp |
| 12:25 | Queue | Villager (Male) |
| 12:25 | Queue | Villager (Male) |
| 12:43 | Build | Dock |
| 13:30 | Queue | Villager (Male) |
| 13:30 | Queue | Villager (Male) |
| 13:38 | Queue | Fishing Ship |
| 14:26 | Build | Blacksmith |
| 14:34 | Queue | Galley |
| 14:45 | Queue | Villager (Male) |
| 15:08 | Research | Fletching |
| 15:11 | Queue | Galley |
| 15:15 | Research | Padded Archer Armor |
| 15:21 | Queue | Villager (Male) |
| 16:04 | Queue | Galley |
| 16:12 | Queue | Villager (Male) |
| 16:17 | Build | House |
| 16:19 | Build | House |
| 16:25 | Queue | Villager (Male) |
| 16:26 | Queue | Villager (Male) |
| 16:55 | Build | Lumber Camp |
| 16:59 | Queue | Villager (Male) |
| 16:59 | Queue | Villager (Male) |
| 17:14 | Queue | Galley |
| 17:35 | Build | House |
| 18:16 | Build | Mining Camp |
| 18:31 | Build | Market |
| 18:37 | Queue | Villager (Male) |
| 18:37 | Queue | Villager (Male) |
| 19:16 | Build | Mining Camp |
| 19:21 | Research | Castle Age |
| 19:28 | Queue | Galley ×2 |
| 19:50 | Research | Gold Mining |
| 19:52 | Research | Double-Bit Axe |
| 20:32 | Research | Stone Mining |
| 20:37 | Queue | Villager (Male) |
| 21:31 | Queue | Villager (Male) |
| 21:31 | Queue | Villager (Male) |
| 21:31 | Queue | Villager (Male) |
| 22:04 | Queue | Galley ×5 |
| 22:06 | Research | Tech 906 |
| 22:33 | Research | War Galley (upgrade) |
| 22:45 | Research | Bodkin Arrow |
| 23:17 | Build | Castle |
| 23:22 | Queue | Villager (Male) |
| 23:22 | Queue | Villager (Male) |
| 23:27 | Build | House |
| 23:28 | Build | House |
| 23:29 | Build | House |
| 24:12 | Build | Farm |
| 24:15 | Build | Farm |
| 24:16 | Build | Farm |
| 24:21 | Build | Farm |
| 24:22 | Queue | Villager (Male) |
| 24:23 | Queue | Villager (Male) |
| 24:30 | Build | Town Center |
| 25:23 | Queue | Camel Archer |
| 25:24 | Queue | Camel Archer |
| 25:24 | Queue | Camel Archer |
| 25:24 | Queue | Camel Archer |
| 25:26 | Build | House |
| 25:29 | Build | House |
| 25:32 | Build | House |
| 25:56 | Research | Leather Archer Armor |
| 25:58 | Queue | Camel Archer |
| 25:58 | Queue | Camel Archer |
| 25:58 | Queue | Camel Archer |
| 25:59 | Queue | Camel Archer |
| 26:32 | Research | Gold Shaft Mining |
| 26:33 | Queue | Villager (Male) |
| 26:38 | Queue | Camel Archer |
| 26:39 | Queue | Camel Archer |
| 26:39 | Queue | Camel Archer |
| 27:01 | Queue | Villager (Male) |
| 27:14 | Queue | Villager (Male) |
| 27:19 | Queue | Villager (Male) |
| 28:14 | Build | University |
| 28:18 | Queue | Villager (Male) |
| 28:18 | Queue | Villager (Male) |
| 28:20 | Queue | Camel Archer |
| 28:21 | Queue | Camel Archer |
| 28:21 | Queue | Camel Archer |
| 28:22 | Queue | Camel Archer |
| 28:22 | Queue | Camel Archer |
| 28:59 | Build | Barracks |
| 29:08 | Research | Ballistics |
| 30:08 | Queue | Villager (Male) |
| 30:10 | Queue | Camel Archer |
| 30:10 | Queue | Camel Archer |
| 30:10 | Queue | Camel Archer |
| 30:11 | Queue | Camel Archer |
| 30:14 | Queue | Villager (Male) |
| 30:14 | Queue | Villager (Male) |
| 30:15 | Queue | Villager (Male) |
| 30:15 | Queue | Villager (Male) |
| 30:15 | Queue | Villager (Male) |
| 30:17 | Queue | Villager (Male) |
| 30:17 | Queue | Villager (Male) |
| 30:18 | Queue | Villager (Male) |
| 30:18 | Queue | Villager (Male) |
| 30:19 | Queue | Villager (Male) |
| 30:37 | Build | Archery Range |
| 30:40 | Queue | Villager (Male) |
| 31:03 | Queue | Villager (Male) |
| 31:08 | Build | Mining Camp |
| 31:10 | Queue | Villager (Male) |
| 33:29 | Queue | Villager (Male) |
| 33:29 | Queue | Villager (Male) |
| 33:29 | Queue | Villager (Male) |
| 33:30 | Queue | Camel Archer |
| 33:30 | Queue | Camel Archer |
| 33:31 | Queue | Camel Archer |
Build order — PNAL_Cap_Ema/Kick
First 150 of 293 actions detected
| 1:08 | Build | Town Center |
| 2:26 | Build | House |
| 2:32 | Build | House |
| 2:53 | Queue | Villager (Male) ×5 |
| 4:01 | Queue | Villager (Male) |
| 4:40 | Build | Mill |
| 4:48 | Queue | Villager (Male) |
| 4:50 | Build | House |
| 4:53 | Build | House |
| 5:11 | Queue | Villager (Male) |
| 5:12 | Queue | Villager (Male) |
| 5:24 | Queue | Villager (Male) |
| 5:24 | Queue | Villager (Male) |
| 5:54 | Queue | Villager (Male) |
| 5:54 | Queue | Villager (Male) |
| 6:00 | Build | House |
| 6:02 | Build | House |
| 6:25 | Queue | Villager (Male) |
| 6:26 | Queue | Villager (Male) |
| 6:26 | Queue | Villager (Male) |
| 7:09 | Queue | Villager (Male) |
| 7:09 | Queue | Villager (Male) |
| 7:09 | Queue | Villager (Male) |
| 7:09 | Queue | Villager (Male) |
| 7:09 | Queue | Villager (Male) |
| 7:10 | Research | Loom |
| 9:07 | Queue | Villager (Male) |
| 9:14 | Queue | Villager (Male) |
| 9:39 | Build | Lumber Camp |
| 9:42 | Queue | Villager (Male) |
| 10:02 | Research | Feudal Age |
| 10:02 | Research | Feudal Age |
| 11:27 | Build | Mining Camp |
| 11:29 | Queue | Villager (Male) |
| 11:44 | Build | Mining Camp |
| 11:47 | Queue | Villager (Male) |
| 11:47 | Queue | Villager (Male) |
| 12:06 | Age | Feudal Age |
| 12:09 | Research | Double-Bit Axe |
| 12:22 | Queue | Villager (Male) |
| 13:10 | Build | Market |
| 13:23 | Queue | Villager (Male) |
| 13:23 | Queue | Villager (Male) |
| 14:06 | Build | Blacksmith |
| 14:12 | Build | House |
| 14:24 | Queue | Villager (Male) |
| 14:24 | Queue | Villager (Male) |
| 15:06 | Build | Mill |
| 15:09 | Queue | Villager (Male) |
| 15:28 | Queue | Villager (Male) |
| 15:49 | Queue | Villager (Male) |
| 16:02 | Build | House |
| 16:03 | Build | House |
| 16:16 | Queue | Villager (Male) |
| 16:28 | Build | House |
| 16:30 | Build | House |
| 16:34 | Build | House |
| 16:40 | Build | House |
| 16:49 | Build | House |
| 16:55 | Research | Castle Age |
| 16:55 | Research | Castle Age |
| 17:10 | Build | Barracks |
| 18:07 | Build | Palisade Wall |
| 18:13 | Build | House |
| 18:14 | Build | Palisade Wall |
| 19:01 | Build | Barracks |
| 19:13 | Queue | Villager (Male) |
| 19:20 | Age | Castle Age |
| 19:31 | Build | Town Center |
| 20:16 | Build | Castle |
| 20:22 | Research | Bow Saw |
| 20:24 | Queue | Villager (Male) |
| 20:25 | Queue | Villager (Male) |
| 21:04 | Queue | Villager (Male) |
| 21:33 | Queue | Villager (Male) |
| 21:35 | Queue | Villager (Male) |
| 21:35 | Queue | Villager (Male) |
| 21:35 | Queue | Villager (Male) |
| 22:09 | Queue | Villager (Male) |
| 22:09 | Queue | Villager (Male) |
| 22:41 | Queue | Villager (Male) |
| 22:50 | Queue | Villager (Male) |
| 22:50 | Queue | Villager (Male) |
| 23:14 | Queue | Villager (Male) ×2 |
| 23:20 | Build | Lumber Camp |
| 23:31 | Queue | Villager (Male) |
| 23:32 | Queue | Villager (Male) |
| 23:49 | Queue | Villager (Male) |
| 24:08 | Build | Outpost |
| 24:18 | Build | Town Center |
| 24:26 | Queue | Villager (Male) |
| 24:26 | Queue | Villager (Male) |
| 24:34 | Queue | Villager (Male) |
| 24:35 | Queue | Villager (Male) |
| 24:39 | Queue | Villager (Male) |
| 24:39 | Queue | Villager (Male) |
| 25:15 | Build | Town Center |
| 25:26 | Queue | Villager (Male) |
| 25:26 | Queue | Villager (Male) |
| 25:26 | Queue | Villager (Male) |
| 25:44 | Queue | Villager (Male) ×3 |
| 26:04 | Queue | Villager (Male) |
| 26:04 | Queue | Villager (Male) |
| 26:20 | Queue | Villager (Male) |
| 26:20 | Queue | Villager (Male) |
| 26:20 | Queue | Villager (Male) |
| 26:22 | Build | Farm |
| 26:27 | Queue | Villager (Male) |
| 26:27 | Queue | Villager (Male) |
| 26:30 | Build | Farm |
| 26:30 | Build | Farm |
| 26:42 | Queue | Villager (Male) ×2 |
| 26:43 | Queue | Villager (Male) ×2 |
| 26:47 | Build | Farm |
| 26:48 | Build | Farm |
| 26:57 | Queue | Villager (Male) ×2 |
| 26:57 | Queue | Villager (Male) ×2 |
| 26:57 | Queue | Villager (Male) ×2 |
| 27:00 | Build | Farm |
| 27:03 | Queue | Villager (Male) |
| 27:11 | Build | Farm |
| 27:14 | Queue | Villager (Male) |
| 27:14 | Queue | Villager (Male) |
| 27:14 | Queue | Villager (Male) |
| 27:24 | Queue | Villager (Male) ×2 |
| 27:24 | Queue | Villager (Male) ×2 |
| 27:36 | Build | Siege Workshop |
| 27:39 | Queue | Villager (Male) |
| 27:39 | Queue | Villager (Male) |
| 27:39 | Queue | Villager (Male) |
| 27:52 | Build | Farm |
| 27:54 | Queue | Villager (Male) |
| 27:54 | Queue | Villager (Male) |
| 27:54 | Queue | Villager (Male) |
| 27:54 | Queue | Villager (Male) |
| 28:06 | Queue | Scorpion |
| 28:11 | Queue | Villager (Male) |
| 28:11 | Queue | Villager (Male) |
| 28:17 | Build | Mining Camp |
| 28:18 | Queue | Villager (Male) |
| 28:18 | Queue | Villager (Male) |
| 28:18 | Queue | Villager (Male) |
| 28:24 | Queue | Villager (Male) ×2 |
| 28:24 | Queue | Villager (Male) ×2 |
| 28:30 | Build | Mining Camp |
| 28:32 | Queue | Villager (Male) |
| 28:32 | Queue | Villager (Male) |
| 28:37 | Build | House |
| 28:40 | Build | Palisade Wall |
| 28:40 | Build | Palisade Wall |
Match timeline
| 0:23 | 游侠 沙里飞 · first_building Dock |
| 0:53 | Xtreme | Rayden · first_building Dock |
| 3:53 | CMD_Edahi287 · first_building Dock |
| 5:17 | CMD JIN · first_building Dock |
| 12:06 | PNAL_Cap_Ema/Kick · age_up feudal |
| 12:20 | Tuco Parmera · first_building Barracks |
| 12:53 | CMD_Edahi287 · first_building Barracks |
| 12:56 | 游侠 沙里飞 · age_up feudal |
| 13:01 | Tuco Parmera · age_up feudal |
| 13:22 | Xtreme | Rayden · age_up feudal |
| 13:44 | CMD_Edahi287 · age_up feudal |
| 13:46 | CMD_Edahi287 · first_building Archery Range |
| 13:49 | Tuco Parmera · first_building Archery Range |
| 14:26 | CMD_El Primo · age_up feudal |
| 14:31 | CMD_Ray · age_up feudal |
| 16:21 | PNAL_Cap_Ema/Kick · first_market_buy 100 food |
| 16:35 | 游侠 沙里飞 · age_up castle |
| 17:10 | PNAL_Cap_Ema/Kick · first_building Barracks |
| 17:33 | CMD_Ray · age_up castle |
| 17:42 | Xtreme | Rayden · age_up castle |
| 17:44 | CMD_El Primo · first_building Barracks |
| 18:01 | CMD_El Primo · age_up castle |
| 18:05 | Xtreme | Rayden · first_building Castle |
| 18:07 | PNAL_Cap_Ema/Kick · wall_segment Palisade Wall x6 |
| 18:09 | CMD_Edahi287 · age_up castle |
| 18:14 | PNAL_Cap_Ema/Kick · wall_segment Palisade Wall x1 |
| 18:32 | CMD_El Primo · first_building Archery Range |
| 18:35 | Tuco Parmera · age_up castle |
| 19:20 | PNAL_Cap_Ema/Kick · age_up castle |
| 20:16 | PNAL_Cap_Ema/Kick · first_building Castle |
| 20:41 | Xtreme | Rayden · first_market_buy 100 stone |
| 21:02 | Xtreme | Rayden · first_building Siege Workshop |
| 21:31 | 游侠 沙里飞 · wall_segment Stone Wall x5 |
| 22:13 | 游侠 沙里飞 · first_building Siege Workshop |
| 22:50 | 游侠 沙里飞 · first_market_sell 100 wood |
| 22:53 | CMD_El Primo · first_market_sell 100 wood |
| 22:58 | CMD_El Primo · first_market_buy 100 stone |
| 23:12 | PNAL_Cap_Ema/Kick · first_market_sell 100 stone |
| 23:17 | CMD JIN · first_building Castle |
| 23:47 | CMD_Ray · first_building Stable |
| 24:14 | Tuco Parmera · first_building Stable |
| 25:07 | Xtreme | Rayden · first_market_sell 100 wood |
| 26:37 | 游侠 沙里飞 · first_building Monastery |
| 27:36 | PNAL_Cap_Ema/Kick · first_building Siege Workshop |
| 28:40 | PNAL_Cap_Ema/Kick · wall_segment Palisade Wall x1 |
| 28:40 | PNAL_Cap_Ema/Kick · wall_segment Palisade Wall x1 |
| 28:41 | PNAL_Cap_Ema/Kick · wall_segment Palisade Wall x1 |
| 28:59 | CMD JIN · first_building Barracks |
| 29:04 | CMD_Ray · first_building Castle |
| 29:23 | CMD_Ray · first_market_buy 100 food |
| 30:11 | 游侠 沙里飞 · first_building Barracks |
| 30:29 | CMD_Ray · first_market_sell 100 wood |
| 30:37 | CMD JIN · first_building Archery Range |
| 31:28 | 游侠 沙里飞 · first_building Stable |
| 32:18 | 游侠 沙里飞 · first_building Castle |
| 32:30 | CMD_Edahi287 · first_building Monastery |
| 32:35 | 游侠 沙里飞 · age_up imperial |
| 32:38 | CMD_Edahi287 · first_building Siege Workshop |
| 33:47 | PNAL_Cap_Ema/Kick · tribute_sent a jugador 1 |
| 33:47 | PNAL_Cap_Ema/Kick · tribute_sent a jugador 2 |
| 33:47 | PNAL_Cap_Ema/Kick · tribute_sent a jugador 3 |
| 33:47 | PNAL_Cap_Ema/Kick · tribute_sent a jugador 4 |
| 33:47 | PNAL_Cap_Ema/Kick · tribute_sent a jugador 5 |
| 33:47 | PNAL_Cap_Ema/Kick · tribute_sent a jugador 6 |
| 33:47 | PNAL_Cap_Ema/Kick · tribute_sent a jugador 7 |
| 33:54 | Tuco Parmera · first_building Siege Workshop |
| 34:50 | CMD_Edahi287 · first_building Castle |
| 36:02 | CMD_El Primo · resign |
| 36:27 | CMD_Edahi287 · age_up imperial |
| 36:29 | Tuco Parmera · first_market_sell 100 wood |
[ AI ANALYSIS · 1 CREDIT ]
What really happened in this match?
Wolo.gg analyzes every decision: build order, eco, micro, common mistakes by bracket. Personalized analysis on WhatsApp or Discord in 30 seconds.
Civ guide
Vikings
Perfil
Jugador #14730931